 Dungeon Crawl Stone Soup version 0.30-a0-371-gad7725a93e (webtiles) character file.

Game seed: 11653613361671432170

8987 Shayle the Fighter (level 11, -2/106 HPs)
             Began as a Naga Reaver on Nov 22, 2022.
             Was a Follower of Ashenzari.
             Slain by a two-headed ogre
             ... wielding a +0 giant club
              (20 damage)
             ... on level 10 of the Dungeon.
             The game lasted 00:46:23 (10038 turns).

Shayle the Fighter (Naga Reaver)                   Turns: 10038, Time: 00:46:24

Health: -2/106     AC: 19    Str: 13    XL:     11   Next: 39%
Magic:  3/19       EV:  8    Int: 18    God:    Ashenzari [*.....]
Gold:   421        SH:  8    Dex: 13    Spells: 12/21 levels left

rFire   + . .      SeeInvis +    F - +6 rapier (venom)
rCold   . . .      Faith    .    n - +0 buckler
rNeg    . . .      Spirit   .    v - +3 ring mail of Soft Rains {rPois rF+}
rPois   +          Reflect  +    (no helmet)
rElec   .          Harm     .    i - +0 cloak of Ashenzari's Repose {Comp, Elem} (curse)
rCorr   .          Rampage  .    g - +0 pair of gloves
Will    +....      Clarity  +    I - +0 barding
Stlth   +++.......               H - amulet of the Ruined Empyrean {Reflect SH+5, Self, Cun} (curse)
HPRegen 0.37/turn                (no ring)
MPRegen 0.16/turn                (no ring)

@: very slow
A: AC +3, large, see invisible, deformed body, poison resistance, slowness 2,
spit poison 1, naga tail 1, iridescent scales 1, agile 1, clarity
a: Spit Poison, Renounce Religion, Curse Item, Shatter the Chains


You were on level 10 of the Dungeon.
You worshipped Ashenzari.
Ashenzari was aware of your devotion.
You visited 3 branches of the dungeon, and saw 12 of its levels.
You also visited: Sewer and Ossuary.

You collected 421 gold pieces.

Inventory:

Hand Weapons
 a - a +0 hand axe
 j - a +0 rapier of freezing
 p - the +3 spear "Etusatou" {flame, rElec rF+ rC+}
   (You found it on level 3 of the Dungeon)

   It burns those it strikes, dealing additional fire damage.
   rF:        It protects you from fire.
   rC:        It protects you from cold.
   rElec:     It insulates you from electricity.
 u - a +2 whip of freezing
 A - a +4 flail of draining
 B - a +3 war axe of flaming
 F - a +6 rapier of venom (weapon)
Missiles
 f - 2 curare-tipped darts (quivered)
 l - 5 silver boomerangs
Armour
 b - a +0 leather armour
 g - a +0 pair of gloves (worn)
 i - the cursed +0 cloak of Ashenzari's Repose (worn) {Comp, Elem}
   (You found it on level 2 of the Dungeon)

   It has a curse which improves the following skills: Companions: Summonings
   and Necromancy.
   Elements:  Fire Magic, Ice Magic, Air Magic and Earth Magic.
 n - a +0 buckler (worn)
 v - the +3 ring mail of Soft Rains (worn) {rPois rF+}
   (You found it on level 4 of the Dungeon)

   rF:        It protects you from fire.
   rPois:     It protects you from poison.
 I - a +0 barding (worn)
Jewellery
 d - an amulet of regeneration
 t - a +4 ring of evasion
 H - the cursed amulet of the Ruined Empyrean (around neck) {Reflect SH+5, Self, Cun}
   (You found it on level 7 of the Dungeon)

   [amulet of reflection]

   It reflects blocked missile attacks.
   SH:        It affects your SH (+5).
   It has a curse which improves the following skills: Introspection: Fighting
   and Spellcasting.
   Cunning:   Dodging and Stealth.
Wands
 z - a wand of flame (26)
 D - a wand of paralysis (1)
 E - a wand of polymorph (7)
 J - a wand of iceblast (13)
Scrolls
 e - 3 scrolls of amnesia
 h - 4 scrolls of fear
 k - a scroll of fog
 m - 3 scrolls of enchant weapon
 o - 2 scrolls of vulnerability
 q - a scroll of blinking
 x - 2 scrolls of immolation
 y - 8 scrolls of identify
 L - a scroll of teleportation
Potions
 c - 5 potions of haste
 r - 5 potions of curing
 s - a potion of heal wounds
 w - a potion of mutation
 C - 3 potions of flight
 G - 3 potions of attraction
 K - a potion of lignification
 M - a potion of ambrosia


   Skills:
 + Level 8.2(9.1) Fighting
 - Level 5.0 Axes
 - Level 4.7 Armour
 + Level 5.5(6.3) Dodging
 - Level 7.7(8.6) Stealth
 + Level 4.7(5.6) Spellcasting
 - Level 6.9 Conjurations
 + Level 3.4(4.2) Fire Magic
 - Level 6.0(6.8) Ice Magic
 + Level 3.4(4.2) Air Magic


You had 12 spell levels left.
You knew the following spells:

 Your Spells              Type           Power      Damage    Failure   Level
a - Kiss of Death         Conj/Necr      68%        2d10      8%          1
b - Hailstorm             Conj/Ice       29%        3d8       5%          3
c - Vhi's Electric Charg  Tloc/Air       24%        N/A       36%         3
d - Static Discharge      Conj/Air       50%        2-5/arc   4%          2

Your spell library contained the following spells:

 Spells                   Type           Power      Damage    Failure   Level
 Ozocubu's Armour         Ice            29%        N/A       5%          3
 Momentum Strike          Conj/Tloc      34%        3d8       12%         2
 Inner Flame              Hex/Fire       12%        N/A       36%         3
 Ice Form                 Ice/Tmut       17%        N/A       61%         4
 Arcjolt                  Conj/Air       12%        1d22      65%         5
 Lightning Bolt           Conj/Air       12%        1d26      65%         5
 Metabolic Englaciation   Hex/Ice        8%         N/A       91%         5
 Cause Fear               Hex            2%         N/A       97%         4
 Simulacrum               Ice/Necr       8%         N/A       100%        6
 Dragon Form              Tmut           2%         N/A       100%        7
 Discord                  Hex            2%         N/A       100%        8
 Maxwell's Capacitive Co  Air            10%        ∞         100%        8
 Dragon's Call            Summ           2%         N/A       100%        9


Dungeon Overview and Level Annotations

Branches:
Dungeon (10/15)            Temple (1/1) D:6            Lair (1/5) D:9
  Sewer (visited)         Ossuary (visited)
    Orc: D:9-12

Altars:
Ashenzari
Cheibriados
Dithmenos
Nemelex Xobeh
Sif Muna
Vehumet
Xom
Yredelemnul
Zin
The Shining One

Shops:
D:1 *   D:6 [

Annotations:
D:3 2 transporters
D:8 1 runed translucent door, Amaemon; MrSquiggles's ghost, novice OpCj
D:9 Erolcha
Lair:1 Grum


Innate Abilities, Weirdness & Mutations

Your serpentine skin is tough. (AC +3)
You have supernaturally acute eyesight. (SInv)
Armour fits poorly on your strangely shaped body.
Your system is resistant to poisons. (rPois)
You cover ground very slowly.
You can spit poison.
You have a snake-like lower body.
You are partially covered in iridescent scales. (AC +2)
You are agile. (Dex +4, Str/Int -1)
You possess an exceptional clarity of mind.


Message History

The two-headed ogre is struck by an arc of lightning.
The two-headed ogre is heavily wounded.
You are struck by an arc of lightning.
The lightning grounds out.
The two-headed ogre hits you with a +0 giant club!!
* * * LOW HITPOINT WARNING * * *
The two-headed ogre hits you with a +0 giant spiked club.
* * * LOW HITPOINT WARNING * * *
Unknown command.
Okay, then.
You feel much better.
You have got your breath back.
You block the two-headed ogre's attack. x2
Casting: Static Discharge (safe; 4% risk of failure)
Confirm with . or Enter, or press ? or * to list all spells.
The two-headed ogre is struck by an arc of lightning.
The two-headed ogre is heavily wounded.
You are struck by an arc of lightning.
The two-headed ogre is struck by an arc of lightning.
The two-headed ogre is severely wounded.
The lightning grounds out.
Casting: Static Discharge (safe; 4% risk of failure)
Confirm with . or Enter, or press ? or * to list all spells.
The two-headed ogre is struck by an arc of lightning.
The two-headed ogre is severely wounded.
You are struck by an arc of lightning.
The two-headed ogre is struck by an arc of lightning.
The two-headed ogre is severely wounded.
The lightning grounds out.
The two-headed ogre hits you with a +0 giant club.
The two-headed ogre hits you with a +0 giant spiked club!!
* * * LOW HITPOINT WARNING * * *
Casting: Static Discharge (safe; 4% risk of failure)
Confirm with . or Enter, or press ? or * to list all spells.
The two-headed ogre is struck by an arc of lightning.
The two-headed ogre is almost dead.
You are struck by an arc of lightning.
* * * LOW HITPOINT WARNING * * *
The lightning grounds out.
The two-headed ogre hits you with a +0 giant club!!
You die...

#.# +..### #.# ###
# #.# # #.# #.# #.#
# #####.## ##'####
#......#####.......
#......#.@O'}......
#
#......#.###.......
# #........#
)...... #
#......### .......
+ #......# .......
# #......# ..)....
# ######## #######
#


You could see a two-headed ogre.

Vanquished Creatures
  A centaur warrior (D:10)
  2 two-headed ogres (D:10)
  An orange demon (D:8)
  2 kobold demonologists (D:8)
  A rime drake (D:9)
  3 wyverns
  4 yaks (D:10)
  A steam dragon (D:7)
  Edmund (D:5)
  3 water moccasins
  Duvessa (D:7)
  3 orc warriors
  3 ice beasts
  2 black bears (D:7)
  A hornet zombie (D:6)
  A centaur (D:9)
  2 wolves
  5 phantoms
  3 bullfrogs
  7 kobold brigands
  2 necrophages (D:5)
  4 scorpions
  A water moccasin zombie (D:6)
  4 wights (D:8)
  Dowan (D:7)
  16 killer bees
  3 centaur zombies (Ossuary)
  2 hounds
  3 bullfrog zombies (D:6)
  A lava snake (D:7)
  3 jellies
  A centaur skeleton (D:6)
  5 orc priests
  3 iguanas
  5 orc wizards
  6 mummies (Ossuary)
  2 howler monkey zombies (D:6)
  11 adders
  A river rat (Sewer)
  2 white imps
  8 worms
  5 dart slugs
  16 orcs
  6 endoplasms
  5 giant cockroaches
  11 goblins
  5 hobgoblins
  6 quokkas
  10 ball pythons
  5 bats
  3 frilled lizards
  5 hobgoblin zombies (Ossuary)
  12 kobolds
  13 rats
  2 butterflies (D:10)
235 creatures vanquished.

Vanquished Creatures (others)
  5 fungi (D:6)
  17 plants
  A withered plant (D:6)
23 creatures vanquished.

Grand Total: 258 creatures vanquished

Notes
Turn   | Place    | Note
-------+----------+-------------------------------------------
     0 | D:1      | Shayle the Naga Reaver began the quest for the Orb.
     0 | D:1      | Reached XP level 1. HP: 19/19 MP: 3/3
   150 | D:1      | Reached skill level 1 in Stealth
   171 | D:1      | Reached XP level 2. HP: 14/26 MP: 5/5
   254 | D:1      | Found Koyczef's General Store.
   445 | D:1      | Reached XP level 3. HP: 23/33 MP: 6/6
   505 | D:1      | Learned a level 3 spell: Hailstorm
   895 | D:2      | Reached XP level 4. HP: 35/40 MP: 7/7
  1324 | D:2      | Reached skill level 1 in Ice Magic
  1493 | D:3      | Reached XP level 5. HP: 32/48 MP: 8/8
  1505 | D:3      | Reached skill level 3 in Fighting
  1544 | D:3      | Found a glowing drain.
  1557 | Sewer    | Entered a sewer
  1604 | Sewer    | Noticed a kobold brigand
  1637 | Sewer    | Killed a kobold brigand
  1807 | Sewer    | Gained mutation: You are agile. (Dex +4, Str/Int -1)
                  | [potion of mutation]
  1807 | Sewer    | Gained mutation: You possess an exceptional clarity of
                  | mind. [potion of mutation]
  1807 | Sewer    | Gained mutation: You are partially covered in iridescent
                  | scales. (AC +2) [potion of mutation]
  1846 | Sewer    | Noticed a kobold brigand
  1872 | Sewer    | Reached XP level 6. HP: 41/56 MP: 9/9
  2162 | D:3      | Found a basalt altar of Yredelemnul.
  2164 | D:3      | Noticed a profane servitor
  2169 | D:3      | Found a glowing golden altar of the Shining One.
  2172 | D:3      | Noticed an angel
  2374 | D:3      | Found a transporter.
  2438 | D:3      | Identified the +3 spear "Etusatou" {flame, rElec rF+ rC+}
  2481 | D:3      | Found a transporter.
  2919 | D:4      | Reached XP level 7. HP: 63/63 MP: 10/10
  2938 | D:4      | Reached skill level 5 in Stealth
  3006 | D:4      | Identified the +3 ring mail of Soft Rains {rPois rF+}
  3186 | D:4      | Found a radiant altar of Vehumet.
  3188 | D:4      | Found a sparkling altar of Nemelex Xobeh.
  3191 | D:4      | Found a broken altar of Ashenzari.
  3196 | D:4      | Became a worshipper of Ashenzari the Shackled
  3673 | D:5      | Entered Level 5 of the Dungeon
  3673 | D:5      | Noticed Edmund
  3698 | D:5      | Killed Edmund
  3816 | D:5      | Reached skill level 4 in Fighting
  3928 | D:5      | Reached XP level 8. HP: 73/73 MP: 11/11
  4527 | D:6      | Found a sand-covered staircase.
  4532 | Ossuary  | Entered an ossuary
  4544 | Ossuary  | Reached skill level 1 in Armour
  4544 | Ossuary  | Reached skill level 5 in Conjurations
  4619 | Ossuary  | Learned a level 3 spell: Vhi's Electric Charge
  4694 | D:6      | Found Figad's Armour Boutique.
  4782 | D:6      | Reached skill level 5 in Fighting
  5025 | D:6      | Found a staircase to the Ecumenical Temple.
  5082 | Temple   | Entered the Ecumenical Temple
  5152 | D:6      | Reached XP level 9. HP: 81/81 MP: 12/12
  5212 | D:6      | Reached skill level 5 in Ice Magic
  5517 | D:6      | Reached skill level 6 in Fighting
  6251 | D:7      | Noticed Duvessa
  6251 | D:7      | Noticed Dowan
  6294 | D:7      | Killed Duvessa
  6304 | D:7      | Killed Dowan
  6425 | D:7      | Found a glowing silver altar of Zin.
  6780 | D:6      | Learned a level 2 spell: Static Discharge
  7215 | D:8      | Reached XP level 10. HP: 94/94 MP: 13/13
  7288 | D:8      | Noticed MrSquiggles's ghost (novice OpCj)
  7292 | D:8      | Found a runed translucent door.
  7341 | D:8      | Noticed Amaemon
  7341 | D:8      | Noticed an orange demon
  7350 | D:8      | Killed an orange demon
  7547 | D:8      | Found a snail-covered altar of Cheibriados.
  7872 | D:8      | Reached * piety under Ashenzari
  7982 | D:8      | Found a shadowy altar of Dithmenos.
  8001 | D:8      | Reached skill level 7 in Fighting
  8377 | D:8      | You fall into a shaft and drop 1 floor!
  8517 | D:9      | Noticed a kobold demonologist
  8534 | D:8      | Noticed an orange demon
  8535 | D:8      | Killed a kobold demonologist
  8558 | D:9      | Noticed a kobold demonologist
  8572 | D:8      | Killed a kobold demonologist
  8717 | D:8      | Reached skill level 5 in Axes
  8878 | D:9      | Found a staircase to the Lair.
  8899 | Lair:1   | Entered Level 1 of the Lair of Beasts
  8899 | Lair:1   | Noticed Grum
  8949 | D:9      | Reached skill level 1 in Fire Magic
  8949 | D:9      | Reached skill level 1 in Air Magic
  9371 | D:9      | Noticed Erolcha
  9383 | D:10     | Entered Level 10 of the Dungeon
  9548 | D:10     | Found a shimmering altar of Xom.
  9563 | D:10     | Reached skill level 5 in Dodging
  9569 | D:10     | Reached XP level 11. HP: 89/104 MP: 15/18
  9572 | D:10     | Noticed a two-headed ogre
  9573 | D:10     | Noticed a centaur warrior
  9586 | D:10     | Killed a centaur warrior
  9588 | D:10     | Killed a two-headed ogre
  9589 | D:10     | Reached skill level 8 in Fighting
 10017 | D:10     | Noticed a two-headed ogre
 10017 | D:10     | Noticed a two-headed ogre
 10030 | D:10     | Killed a two-headed ogre
 10038 | D:10     | Slain by a two-headed ogre

Illustrated notes

Levels and vault maps discovered:
D:1:      wander_arrival_estate, layout_rooms, serial_shops, nicolae_shop_trees,
          minmay_pentomino_v4
D:2:      layout_rooms
D:3:      wad_pebble_path, layout_basic, grunt_temple_overflow_holy_war,
          lightli_sewer_entry_pipes, gammafunk_ghost_gnarly_gnolls
D:4:      layout_basic, grunt_temple_overflow_diamond, serial_bayou,
          serial_bayou_pond_a, serial_bayou_shore_b, serial_bayou_pond_c,
          serial_bayou_lagoon_b, serial_bayou_crossing
D:5:      layout_cave_pods, uniq_edmund
D:6:      layout_basic, minmay_temple_entry_large_hall,
          nicolae_ossuary_entry_false_entrances, serial_undead, serial_undead_e,
          serial_undead_d, serial_undead_e, serial_undead_a, serial_undead_e,
          serial_undead_b, serial_shops, nicolae_shop_stone, hex_intersection,
          dreamdust_mushroom_princess
D:7:      layout_loops_ring, kennysheep_mini_moat, kennysheep_cluttered_room,
          uniq_duvessa
D:8:      layout_layer_cave, mainiacjoe_overflow_small_starburst,
          grunt_dithmenos_shadows, hellmonk_ghost_happy_afterlife, uniq_amaemon
D:9:      layout_cross, nicolae_qazlal_scattered_showers,
          hellmonk_lair_entry_icy, minmay_misc_feat_four_crosses, uniq_erolcha
D:10:     layout_roguey, xom_butterflies
Temple:   minmay_temple_forest_path
Lair:1:   gammafunk_boulding_lane, layout_chaotic_city, uniq_grum

Skill      XL: |  1  2  3  4  5  6  7  8  9 10 11 |
---------------+----------------------------------+-----
Stealth        | 1 2 3 4 6 7 |  7.7
Dodging        | 2 3 5 |  5.5
Ice Magic      | 1 2 3 4 6 |  6.0
Fighting       | 3 4 5 6 7 8 |  8.2
Conjurations   | 4 5 6 |  6.9
Armour         | 2 4 |  4.7
Axes           | 4 5 |  5.0
Spellcasting   | 4 |  4.7
Fire Magic     | 2 3 |  3.4
Air Magic      | 2 3 |  3.4

Action                   |  1- 3 |  4- 6 |  7- 9 | 10-12 || total
-------------------------+-------+-------+-------+-------++-------
Melee: Hand axe          |    77 |   223 |       |       ||   300
       Punch             |     1 |     2 |       |       ||     3
       Rapier            |       |    19 |       |   131 ||   150
       Spear             |       |    17 |   497 |    51 ||   565
Throw: Dart              |       |       |       |     1 ||     1
 Cast: Kiss of Death     |     1 |       |       |       ||     1
       Hailstorm         |       |     1 |     6 |    20 ||    27
       Static Discharge  |       |       |     3 |    31 ||    34
Invok: Curse Item        |       |       |     1 |     1 ||     2
 Abil: Spit Poison       |    33 |    22 |    13 |     6 ||    74
Evoke: Wand              |       |       |     6 |       ||     6
  Use: Potion            |       |     8 |     7 |     1 ||    16
       Scroll            |       |       |    13 |     1 ||    14
 Stab: Sleeping          |       |     4 |     6 |     3 ||    13
       Paralysed         |       |       |    12 |       ||    12
Armor: Leather armour    |    19 |   102 |     5 |       ||   126
       Skin              |       |    26 |       |       ||    26
       Ring mail         |       |       |   262 |   119 ||   381
Dodge: Dodged            |    42 |   110 |   220 |    97 ||   469
Block: Buckler           |       |       |    68 |   126 ||   194
       Reflection        |       |       |     1 |     2 ||     3

Table legend: (Time is in decaauts)
 A = Elapsed time spent in this place.
 B = Non-inter-level travel time spent in this place.
 C = Inter-level travel time spent in this place.
 D = Time resting spent in this place.
 E = Time spent auto-exploring this place.
 F = Levels seen in this place.
 G = Mean time per level.
                   A        B        C        D        E       F      G
               +--------+--------+--------+--------+--------+-----+--------+
         Total |  12934 |  12670 |    264 |   1504 |   6889 |  14 |  923.9 |
       Dungeon |  12005 |  11766 |    239 |   1398 |   6801 |  10 | 1200.5 |
        Temple |     52 |     28 |     24 |      0 |     25 |   1 |   52.0 |
          Lair |      4 |      4 |      0 |      0 |      0 |   1 |    4.0 |
         Sewer |    714 |    714 |      0 |     90 |     62 |   1 |  714.0 |
       Ossuary |    157 |    157 |      0 |     16 |      0 |   1 |  157.0 |
               +--------+--------+--------+--------+--------+-----+--------+

Top non-repeatable levels by time:
     D:8: 2019 daAuts
     D:6: 1839 daAuts
     D:3: 1338 daAuts
     D:7: 1330 daAuts
     D:4: 1254 daAuts
     D:1: 1003 daAuts
     D:5: 992 daAuts
    D:10: 798 daAuts
     D:9: 774 daAuts
   Sewer: 714 daAuts
     D:2: 653 daAuts
 Ossuary: 157 daAuts
  Temple: 52 daAuts
  Lair:1: 4 daAuts
